 Dungeon Crawl Stone Soup version 0.31-a0-960-g0fca184906 (webtiles) character file.

Game seed: 8764276368399469351

197 Maxmaps the Shield-Bearer (level 5, -1/33 HPs)
             Began as an Octopode Shapeshifter on Oct 24, 2023.
             Slain by an ogre
             ... wielding a +0 giant club
              (13 damage)
             ... on level 4 of the Dungeon.
             The game lasted 00:02:21 (3171 turns).

Maxmaps the Shield-Bearer (Octopode Shapeshifter)   Turns: 3171, Time: 00:02:22

Health: -1/33      AC:  1    Str: 13    XL:     5   Next: 75%
Magic:  5/5        EV: 17    Int: 14    God:
Gold:   169        SH:  5    Dex: 12    Spells: 4/4 levels left

rFire   . .          .
                       - Unarmed
rCold   . . .        f - +0 buckler
rNeg    . . .        (helmet currently unavailable)
rPois   +            (no amulet)
rElec   .            j - ring of willpower
rCorr   .            l - +5 ring of evasion
SInv    .            o - ring of poison resistance
Will    +....        (no ring)
Stlth   +++          (no ring)
HPRegen 0.25/turn    (no ring)
MPRegen 0.09/turn    (no ring)
                     (no ring)

%: no passive effects
@: beast-form
A: beast (slay +1), almost no armour, amphibious, 8 rings, camouflage 1,
gelatinous body 1, (nimble swimmer 1), tentacles
a: Begin Untransformation


You were on level 4 of the Dungeon.
You were a hulking beast.
You visited 1 branch of the dungeon, and saw 4 of its levels.

You collected 169 gold pieces.

Inventory:

Armour
 f - a +0 buckler (worn)
Jewellery
 j - a ring of willpower (left tentacle)
 l - a +5 ring of evasion (right tentacle)
 o - a ring of poison resistance (on tentacle)
 q - a +5 ring of evasion
Talismans
 b - a beast talisman
 c - a flux talisman
Scrolls
 e - a scroll of acquirement {unknown}
 h - a scroll of identify {unknown}
 i - a scroll of blinking {unknown}
 k - a scroll of enchant armour {unknown}
 m - a scroll of teleportation {unknown}
 n - a scroll of noise {unknown}
 p - a scroll of poison {unknown}
 s - a scroll of vulnerability {unknown}
Potions
 a - 2 potions of lignification
 d - a potion of might {unknown}
 g - 3 potions of curing {unknown}
 r - a potion of attraction {unknown}


   Skills:
 - Level 1.0 Fighting
 - Level 2.0 Dodging
 - Level 2.2 Stealth
 + Level 5.0 Shields
 - Level 3.0 Unarmed Combat
 - Level 3.0 Shapeshifting


You had 4 spell levels left.
You didn't know any spells.
Your spell library contained the following spells:

 Spells                   Type           Power      Damage    Failure   Level
 Kiss of Death            Conj/Necr      0%         2d5       36%         1
 Magic Dart               Conj           0%         1d3       36%         1
 Searing Ray              Conj           0%         2d4       50%         2
 Confusing Touch          Hex            0%         N/A       75%         3
 Dispel Undead            Necr           0%         3d6       98%         4
 Fulminant Prism          Conj/Hex       0%         3d5       98%         4


Dungeon Overview and Level Annotations

Branches:
Dungeon (4/15)
 Temple: D:4-7

Altars:


Innate Abilities, Weirdness & Mutations

You are a hulking beast.
Your limbs bulge with bestial killing power. (Slay +1)
You cannot wear most types of armour.
You are amphibious.
You can wear up to eight rings at the same time.
Your skin changes colour to match your surroundings (Stealth+).
Your rubbery body absorbs attacks. (AC +1, EV +1)
((You are camouflaged when in or above water. (Stealth+)))
You have tentacles for arms and can constrict up to eight enemies at once.


Message History

Found a stone staircase leading down.
Found 3 large rocks.
No target in view!
An ogre comes into view. It is wielding a +0 giant club.
The ogre shouts!
Found a chain mail.
The ogre closely misses you.
You tentacle-slap the ogre.
The ogre is lightly wounded.
The ogre misses you.
You tentacle-slap the ogre.
The ogre is moderately wounded.
You tentacle-slap the ogre.
The ogre is moderately wounded.
The ogre hits you with a +0 giant club!!
Ouch! That really hurt!
You are too injured to fight recklessly!
You are too injured to fight recklessly!
You are too injured to fight recklessly!
You are too injured to fight recklessly!
You are too injured to fight recklessly!
You are too injured to fight recklessly!
You are too injured to fight recklessly!
You are too injured to fight recklessly!
You are too injured to fight recklessly!
You are too injured to fight recklessly!
You are too injured to fight recklessly!
You are too injured to fight recklessly!
You barely miss the ogre.
The ogre is moderately wounded.
The ogre closely misses you.
You barely miss the ogre.
The ogre is moderately wounded.
You tentacle-slap the ogre. You squeeze the ogre!
The ogre is severely wounded.
The ogre closely misses you.
You tentacle-slap the ogre.
The ogre is severely wounded.
The ogre hits you with a +0 giant club!
You die...

#. #.# .# #. #.# #.# #.
#.# #.# #. #.# #.# #.
#.# #.# #.#####.# #.#
######.....#.#########.#
.[....Oh..............>#
###.####.....#########.#
.........# #...#
....(....########.###
#.#.............#.# #
#############...#
......#.### #######...#
###.........#


You could see an ogre.

Vanquished Creatures
  An iguana (D:4)
  Terence (D:3)
  3 adders
  7 gnolls
  A worm (D:2)
  An orc (D:3)
  3 endoplasms
  4 giant cockroaches
  6 goblins
  A hobgoblin (D:1)
  12 ball pythons
  5 bats
  A frilled lizard (D:1)
  3 kobolds
  4 rats (D:3)
53 creatures vanquished.

Notes
Turn   | Place    | Note
-------+----------+-------------------------------------------
     0 | D:1      | Maxmaps the Octopode Shapeshifter began the quest for the
                  | Orb.
     0 | D:1      | Reached XP level 1. HP: 13/13 MP: 1/1
    46 | D:1      | Reached skill level 1 in Stealth
   262 | D:1      | Reached XP level 2. HP: 17/18 MP: 2/2
   507 | D:1      | Reached skill level 1 in Shields
   603 | D:1      | Found a faded altar of an unknown god.
  1208 | D:2      | Reached skill level 2 in Shields
  1208 | D:2      | Reached XP level 3. HP: 23/23 MP: 3/3
  1934 | D:3      | Reached skill level 3 in Shields
  1956 | D:3      | Reached XP level 4. HP: 28/28 MP: 4/4
  2339 | D:3      | Noticed Terence
  2349 | D:3      | Killed Terence
  2517 | D:3      | Reached skill level 4 in Shields
  2520 | D:3      | Reached XP level 5. HP: 21/33 MP: 5/5
  2893 | D:4      | Reached skill level 5 in Shields
  3160 | D:4      | Noticed an ogre
  3171 | D:4      | Slain by an ogre

Illustrated notes

Levels and vault maps discovered:
D:1:      onia_arrival_pyramid, layout_loops_ring,
          shapermc_ecumenical_altar_flowoftime
D:2:      layout_basic, minmay_misc_feat_tower
D:3:      layout_basic, uniq_terence
D:4:      layout_basic, grunt_dithmenos_smoke_and_mirrors,
          mainiacjoe_overflow_small_starburst

Skill      XL: |  1  2  3  4  5 |
---------------+----------------+-----
Stealth        | 2 |  2.2
Shields        | 2 3 4 5 |  5.0
Fighting       | |  1.0
Dodging        | |  2.0
Unarmed Combat | |  3.0
Shapeshifting  | |  3.0

Action                     |  1- 3 |  4- 6 || total
---------------------------+-------+-------++-------
  Melee: Unarmed           |    67 |    66 ||   133
         Constrict         |    29 |    13 ||    42
         Tentacles         |     9 |    11 ||    20
         Punch             |     3 |     3 ||     6
   Stab: Sleeping          |    11 |     8 ||    19
 Armour: Skin              |     8 |    16 ||    24
  Dodge: Dodged            |    22 |    30 ||    52
  Block: Buckler           |     4 |     6 ||    10

Table legend: (Time is in decaauts)
 A = Elapsed time spent in this place.
 B = Non-inter-level travel time spent in this place.
 C = Inter-level travel time spent in this place.
 D = Time resting spent in this place.
 E = Time spent auto-exploring this place.
 F = Levels seen in this place.
 G = Mean time per level.
                   A        B        C        D        E       F      G
               +--------+--------+--------+--------+--------+-----+--------+
         Total |   3167 |   2930 |    237 |    184 |   2315 |   4 |  791.8 |
       Dungeon |   3167 |   2930 |    237 |    184 |   2315 |   4 |  791.8 |
               +--------+--------+--------+--------+--------+-----+--------+

Top non-repeatable levels by time:
     D:3: 1077 daAuts
     D:1: 825 daAuts
     D:2: 802 daAuts
     D:4: 462 daAuts
